 Dungeon Crawl Stone Soup version 0.30.1-3-gfc49f6343a (webtiles) character file.

Game seed: 7781092996608127578

86 jtron the Grave Robber (level 4, 0/34 HPs)
             Began as a Human Wanderer on Aug 7, 2023.
             Slain by a gnoll
             ... wielding a +2 halberd of flaming
              (10 damage)
             ... on level 4 of the Dungeon.
             The game lasted 00:05:40 (2671 turns).

jtron the Grave Robber (Human Wanderer)             Turns: 2671, Time: 00:05:41

Health: 0/34       AC:  4    Str: 12    XL:     4   Next: 78%
Magic:  6/8        EV: 11    Int: 15    God:
Gold:   89         SH:  0    Dex: 12    Spells: 7/8 levels left

rFire   . . .        a - +1 spear (flame)
rCold   . . .        (no shield)
rNeg    . . .        c - +0 robe
rPois   .            (no helmet)
rElec   .            o - +0 cloak
rCorr   .            (no gloves)
SInv    .            s - +0 pair of boots
Will    .....        (no amulet)
Stlth   +            (no ring)
HPRegen 0.25/turn    (no ring)
MPRegen 0.11/turn

%: no passive effects
@: no status effects
A: no striking features
a: no special abilities


You were on level 4 of the Dungeon.
You visited 1 branch of the dungeon, and saw 4 of its levels.

You collected 89 gold pieces.

Inventory:

Hand Weapons
 a - a +1 spear of flaming (weapon)
 p - a +0 trident
Missiles
 h - 39 stones (quivered)
 j - a javelin
Armour
 c - a +0 robe (worn)
 o - a +0 cloak (worn)
 s - a +0 pair of boots (worn)
Scrolls
 b - a scroll of fear
 d - a scroll of fog {unknown}
 e - a scroll of torment {unknown}
 i - a scroll of magic mapping {unknown}
 m - a scroll of amnesia {unknown}
 n - a scroll of teleportation {unknown}
 q - a scroll of vulnerability {unknown}
Potions
 f - 4 potions of curing {unknown}
 g - a potion of brilliance
 l - 3 potions of lignification
 r - a potion of mutation {unknown}
 t - a potion of attraction {unknown}


   Skills:
 + Level 2.3 Fighting
 + Level 2.5 Polearms
 + Level 0.3 Throwing
 + Level 1.0 Armour
 + Level 0.3 Dodging
 + Level 0.5 Stealth
 + Level 2.8 Spellcasting
 + Level 3.8 Necromancy


You had 7 spell levels left.
You knew the following spells:

 Your Spells              Type           Power      Damage    Failure   Level
a - Necrotise             Necr           52%        1d6       4%          1

Your spell library contained the following spells:

 Spells                   Type           Power      Damage    Failure   Level
 Cigotuvi's Dreadful Rot  Necr/Pois/Air  10%        N/A       19%         2
 Beastly Appendage        Tmut           4%         N/A       21%         1
 Wereblood                Tmut           2%         N/A       30%         2
 Spider Form              Tmut/Pois      2%         N/A       52%         3
 Anguish                  Hex/Necr       3%         N/A       67%         4


Dungeon Overview and Level Annotations

Branches:
Dungeon (4/15)
 Temple: D:4-7

Altars:
Dithmenos
Sif Muna
Zin


Message History

Aim: an adder (chance to affect: 76%)
The adder writhes in agony.
The gnoll shouts!
The scorpion attacks as you move away! The scorpion stings you!
A gnoll comes into view. It is wielding a +0 flail.
Casting: Necrotise (safe; 4% risk of failure)
Confirm with . or Enter, or press ? or * to list all spells.
Aiming: Necrotise (safe; 4% risk of failure)
Press: ? - help, Shift-Dir - straight line, f/p - adder
Aim: an adder (severely wounded, chance to affect: 76%)
The adder barely resists.
The adder barely misses you. The scorpion barely misses you.
The adder bites you.
The gnoll hits you from afar with a +2 halberd of flaming.
The gnoll burns you.
Casting: Necrotise (safe; 4% risk of failure)
Confirm with . or Enter, or press ? or * to list all spells.
Aiming: Necrotise (safe; 4% risk of failure)
Press: ? - help, Shift-Dir - straight line, f/p - adder
Aim: an adder (severely wounded, chance to affect: 76%)
The adder writhes in agony.
You kill the adder!
The dead are slithering!
The scorpion barely misses you. The gnoll barely misses you.
The scorpion completely misses you. The scorpion attacks as you move away!
The scorpion closely misses you.
Your adder skeleton closely misses the gnoll.
Your adder skeleton closely misses the gnoll.
As you read the scroll labelled ZUGIKHL WUHOU, it crumbles to dust.
It is a scroll of brand weapon.
Your +1 spear is engulfed in flames!
a - a +1 spear of flaming (weapon)
The scorpion stings you. The gnoll misses you.
You hit the scorpion. You burn the scorpion.
The scorpion is lightly wounded.
The scorpion barely misses you.
Your adder skeleton bites the gnoll.
The gnoll hits you from afar with a +0 halberd.
The gnoll hits you with a +0 flail.
* * * LOW HITPOINT WARNING * * *
The gnoll barely misses you.
The gnoll hits you from afar with a +2 halberd of flaming!
You die...

....##..###....
.....#.........
............$#
............# # #
...........# .#.. .
#........#.....
....#...g..........
#.....@sgg........
##.....ggZ........
#................
#................
#.................
#..............#...
...###.........#...
#.. .#......... ..


You could see a scorpion, 4 gnolls, a hobgoblin and a friendly adder skeleton.

Vanquished Creatures
  A gnoll (D:1)
  2 adders
  A dart slug (D:3)
  8 endoplasms
  5 giant cockroaches
  5 goblins
  3 hobgoblins
  A quokka (D:3)
  5 ball pythons
  11 bats
  3 frilled lizards (D:1)
  4 kobolds
  5 rats
54 creatures vanquished.

Vanquished Creatures (collateral kills)
  A goblin (D:1)
1 creature vanquished.

Grand Total: 55 creatures vanquished

Notes
Turn   | Place    | Note
-------+----------+-------------------------------------------
     0 | D:1      | jtron the Human Wanderer began the quest for the Orb.
     0 | D:1      | jtron set off with the following items: a +1 spear, a
                  | scroll of fear, a +0 robe; and the following spell
                  | memorised: Necrotise; and the following spells available to
                  | memorise: Cigotuvi's Dreadful Rot, Anguish.
     0 | D:1      | Reached XP level 1. HP: 16/16 MP: 3/3
   186 | D:1      | Reached XP level 2. HP: 18/22 MP: 0/5
   316 | D:1      | Noticed a floating eye
   321 | D:1      | Noticed a golden eye
   323 | D:1      | Found a faded altar of an unknown god.
   325 | D:1      | Noticed a great orb of eyes
   325 | D:1      | Noticed a golden eye
   560 | D:1      | Reached XP level 3. HP: 27/27 MP: 6/6
  1454 | D:2      | Reached XP level 4. HP: 14/33 MP: 0/7
  1604 | D:2      | Found a shimmering blue altar of Sif Muna.
  2254 | D:3      | Found a shadowy altar of Dithmenos.
  2393 | D:3      | Found a glowing silver altar of Zin.
  2662 | D:4      | Noticed a scorpion
  2671 | D:4      | Slain by a gnoll

Illustrated notes

Levels and vault maps discovered:
D:1:      nzn_arrival_crosshair, layout_loops_corners,
          hellmonk_ecumenical_altar_watching_god, minmay_tiny_reverse_x
D:2:      layout_loops_ring, basic_altar, minmay_misc_feat_ornament,
          minmay_bisected
D:3:      layout_loops_ring, lemuel_round_altar, nicolae_dithmenos_the_darkroom,
          kennysheep_generic_room_6
D:4:      layout_cave_pools, nicolae_ru_the_path_less_chosen,
          lemuel_round_altar, minmay_mini_ossuary, uniq_pikel

Action                     |  1- 3 |  4- 6 || total
---------------------------+-------+-------++-------
  Melee: Spear             |    78 |    26 ||   104
         Punch             |     1 |       ||     1
  Throw: Javelin           |     5 |       ||     5
         Stone             |     1 |       ||     1
   Cast: Necrotise         |    36 |    24 ||    60
    Use: Scroll            |     3 |     1 ||     4
   Stab: Sleeping          |       |     3 ||     3
 Armour: Robe              |    22 |    10 ||    32
  Dodge: Dodged            |    54 |    20 ||    74
